 Dungeon Crawl Stone Soup version 0.28-a0-984-g3775c662fe (webtiles) character file.

Game seed: 15005040425302332007

3441 oldriver the Thaumaturge (level 9, -18/71 HPs)
             Began as a White Draconian Conjurer on Dec 4, 2021.
             Was an Initiate of Vehumet.
             Demolished by a two-headed ogre (23 damage)
             ... on level 6 of the Dungeon.
             The game lasted 00:12:34 (9060 turns).

oldriver the Thaumaturge (White Draconian Conjurer) Turns: 9060, Time: 00:12:41

Health: -18/71     AC:  8    Str: 11    XL:     9   Next: 77%
Magic:  5/23       EV: 13    Int: 28    God:    Vehumet [......]
Gold:   172        SH:  0    Dex:  9    Spells: 19/28 levels left

rFire   . . .      SeeInvis .   c - staff of cold
rCold   + + .      Faith    .   (no shield)
rNeg    . . .      Spirit   .   (armour unavailable)
rPois   .          Reflect  .   (helmet restricted)
rElec   .          Harm     .   (no cloak)
rCorr   +          Rampage  .   j - +0 pair of gloves
Will    .....                   (no boots)
Stlth   ++........              a - amulet of regeneration
HPRegen 1.01/turn               b - ring of resist corrosion
MPRegen 0.18/turn               t - +6 ring of intelligence

@: no status effects
A: breathe frost, AC +7, unfitting armour, cold resistance 1, cold-blooded
a: Breathe Frost, Renounce Religion


You were on level 6 of the Dungeon.
You worshipped Vehumet.
Vehumet was noncommittal.
You visited 2 branches of the dungeon, and saw 7 of its levels.

You collected 229 gold pieces.
You spent 57 gold pieces at shops.

Inventory:

Armour
 j - a +0 pair of gloves (worn)
Magical Staves
 c - a staff of cold (weapon)
Jewellery
 a - an amulet of regeneration (around neck)
 b - a ring of resist corrosion (left hand)
 t - a +6 ring of intelligence (right hand)
Wands
 f - a wand of acid (6)
 o - a wand of flame (23)
 q - a wand of iceblast (20)
Scrolls
 e - 2 scrolls of identify
 m - 4 scrolls of teleportation
 n - a scroll of noise {unknown}
 p - 2 scrolls of holy word {unknown}
Potions
 d - 4 potions of curing {unknown}
 g - a potion of resistance
 h - a potion of berserk rage
 i - 2 potions of cancellation {unknown}
 k - 2 potions of mutation {unknown}
 l - 3 potions of invisibility
 r - 2 potions of flight
 s - a potion of heal wounds
 u - a potion of magic {unknown}


   Skills:
 + Level 3.8 Fighting
 + Level 4.6 Dodging
 + Level 2.9 Stealth
 + Level 10.0 Spellcasting
 + Level 7.6 Conjurations


You had 19 spell levels left.
You knew the following spells:

 Your Spells              Type           Power      Damage    Failure   Level
a - Magic Dart            Conj           100%       1d8       1%          1
b - Searing Ray           Conj           100%       2d8       1%          2
c - Iskenderun's Mystic   Conj/Tloc      35%        2d8       9%          4
d - Blink                 Tloc           28%        N/A       6%          2

Your spell library contained the following spells:

 Spells                   Type           Power      Damage    Failure   Level
 Dazzling Flash           Conj/Hex       70%        N/A       2%          3
 Fulminant Prism          Conj/Hex       17%        3d11      9%          4
 Petrify                  Tmut/Erth      14%        N/A       36%         4
 Manifold Assault         Tloc           14%        N/A       73%         5
 Metabolic Englaciation   Hex/Ice        10%        N/A       73%         5
 Statue Form              Tmut/Erth      9%         N/A       99%         6
 Storm Form               Tmut/Air       7%         N/A       100%        7


Dungeon Overview and Level Annotations

Branches:
Dungeon (6/15)             Temple (1/1) D:4

Altars:
Ashenzari
Cheibriados
Elyvilon
Kikubaaqudgha
Makhleb
Nemelex Xobeh
Okawaru
Qazlal
Ru
Sif Muna
Trog
Uskayaw
Vehumet
Xom
Yredelemnul
Zin
The Shining One

Shops:
D:2 ((=*:   D:4 *

Annotations:
D:5 2 transporters
D:6 4 runed translucent doors


Innate Abilities, Weirdness & Mutations

You can breathe waves of freezing cold which knock back foes.
Your icy white scales are hard. (AC +7)
You cannot fit into any form of body armour.
Your flesh is cold resistant. (rC+)
You are cold-blooded and may be slowed by cold attacks.


Message History

The two-headed ogre is lightly wounded.
The two-headed ogre shouts in stereo! (Press . to maintain the ray.)
The water moccasin zombie bites you but does no damage.
The searing ray hits the water moccasin zombie!
You destroy the water moccasin zombie!
Vehumet accepts your kill.
The searing ray hits the two-headed ogre!
The two-headed ogre is moderately wounded.
Your Spellcasting skill increases to level 10!
The searing ray hits the two-headed ogre!
The two-headed ogre is heavily wounded.
The two-headed ogre hits you with a +0 giant club!!
The two-headed ogre misses you.
The searing ray misses the two-headed ogre.
You finish channelling your searing ray.
Casting: Searing Ray (safe; 1% risk of failure)
Confirm with . or Enter, or press ? or * to list all spells.
Aiming: Searing Ray (safe; 1% risk of failure)
Press: ? - help, Shift-Dir - straight line, f/p - two-headed ogre
Aim: a two-headed ogre, wielding two +0 giant clubs (heavily wounded, 92% to hit)
The searing ray hits the two-headed ogre but does no damage.
The two-headed ogre is heavily wounded. (Press . to maintain the ray.)
The two-headed ogre hits you with a +0 giant club!
The two-headed ogre hits you but does no damage.
The searing ray hits the two-headed ogre!
The two-headed ogre is heavily wounded.
The two-headed ogre hits you with a +0 giant club.
The two-headed ogre hits you with a +0 giant club!
The searing ray hits the two-headed ogre.
The two-headed ogre is heavily wounded.
The two-headed ogre barely misses you. The two-headed ogre closely misses you.
The searing ray hits the two-headed ogre!
The two-headed ogre is severely wounded.
You finish channelling your searing ray.
The two-headed ogre hits you with a +0 giant club!!
* * * LOW HITPOINT WARNING * * *
The two-headed ogre hits you with a +0 giant club!!
You die...

#..#8Z...8#......
###..##8)?8##.##.##
##.....######.....##
#..###)# #'###..#
#.##...# ###.#.##.#
##.#.#.## #)##.#(#..
#..#.##.# #..###)#..
#..#.#.## ###..#.#..
#..#@### #}##.#.#..
#..##O...####....##..
#...######..######...
#.#..)...............
#...................#
#####################


You could see a two-headed ogre.

Vanquished Creatures
  Pikel (D:5)
  A cyclops (D:6)
  Eustachio (D:5)
  A water moccasin (D:5)
  3 sky beasts
  3 black bears
  5 ogres
  Blork the orc (D:5)
  2 scorpions (D:5)
  A bullfrog (D:6)
  A water moccasin zombie (D:6)
  3 wyvern skeletons
  A wight (D:6)
  A howler monkey (D:5)
  4 hounds
  7 orc priests
  3 bullfrog skeletons
  A centaur skeleton (D:6)
  A jelly (D:6)
  4 iguanas
  2 orc wizards
  2 killer bee zombies (D:6)
  A hound skeleton (D:5)
  A gnoll (D:4)
  12 adders
  A white imp (D:6)
  3 worms
  3 dart slugs
  21 orcs
  4 ball pythons
  4 bats
  3 endoplasms
  5 giant cockroaches
  6 goblins
  5 hobgoblins
  3 kobolds
  3 quokkas
  7 frilled lizards
  7 rats
  A spectral goblin (D:2)
139 creatures vanquished.

Vanquished Creatures (others)
  6 plants (D:5)
6 creatures vanquished.

Grand Total: 145 creatures vanquished

Notes
Turn   | Place    | Note
-------+----------+-------------------------------------------
     0 | D:1      | oldriver the Draconian Conjurer began the quest for the
                  | Orb.
     0 | D:1      | Reached XP level 1. HP: 14/14 MP: 3/3
   251 | D:1      | Reached XP level 2. HP: 20/20 MP: 2/5
   525 | D:1      | Reached skill level 3 in Spellcasting
  1105 | D:1      | Reached XP level 3. HP: 26/26 MP: 4/7
  1108 | D:1      | Learned a level 2 spell: Searing Ray
  1935 | D:2      | Found Esuefo's Weapon Boutique.
  1942 | D:2      | Reached skill level 4 in Spellcasting
  1999 | D:2      | Reached XP level 4. HP: 33/33 MP: 8/10
  2034 | D:2      | Found Lill's Jewellery Shoppe.
  2082 | D:2      | Found Hiaj Doi's Book Shoppe.
  2094 | D:2      | Found Xosestou's General Store.
  2105 | D:2      | Learned a level 4 spell: Iskenderun's Mystic Blast
  2108 | D:2      | Learned a level 2 spell: Blink
  2114 | D:2      | Found a faded altar of an unknown god.
  2264 | D:2      | Found Sumul's Antique Weapon Emporium.
  2579 | D:3      | Reached skill level 5 in Spellcasting
  2579 | D:3      | Reached XP level 5. HP: 39/39 MP: 3/12
  3313 | D:3      | Found a hide-covered altar of Uskayaw.
  3356 | D:3      | Found a burning altar of Makhleb.
  3418 | D:3      | Reached XP level 6. HP: 46/46 MP: 8/14
  3575 | D:3      | Reached skill level 6 in Spellcasting
  3839 | D:4      | Found Qeisokaa's Assorted Antiques.
  3882 | D:4      | Bought a scroll labelled YRYECA MAPNAEBYPO for 30 gold
                  | pieces
  3882 | D:4      | Bought a fizzy silvery potion for 27 gold pieces
  3916 | D:4      | Reached skill level 1 in Fighting
  4424 | D:4      | Found a staircase to the Ecumenical Temple.
  4607 | Temple   | Entered the Ecumenical Temple
  5473 | D:4      | Reached skill level 7 in Spellcasting
  5473 | D:4      | Your scales start taking on an icy white colour.
  5473 | D:4      | Reached XP level 7. HP: 23/52 MP: 7/17
  5473 | D:4      | Gained mutation: Your flesh is cold resistant. (rC+) [White
                  | Draconian growth]
  5755 | D:5      | Entered Level 5 of the Dungeon
  5755 | D:5      | Noticed Blork the orc
  5888 | D:5      | Noticed Eustachio
  5888 | D:5      | Noticed Pikel
  5933 | D:5      | Killed Blork the orc
  6003 | D:5      | Killed Pikel
  6004 | D:5      | Reached skill level 8 in Spellcasting
  6004 | D:5      | Reached skill level 5 in Conjurations
  6004 | D:5      | Reached XP level 8. HP: 12/61 MP: 1/20
  6481 | D:5      | Found a transporter.
  6494 | D:5      | Found a transporter.
  6601 | D:5      | Found a snail-covered altar of Cheibriados.
  6820 | D:5      | Killed Eustachio
  7158 | D:5      | Found a glowing golden altar of the Shining One.
  7346 | D:5      | Reached skill level 9 in Spellcasting
  7505 | D:5      | Reached XP level 9. HP: 69/69 MP: 18/22
  7810 | D:6      | Found a large runed translucent door.
  7810 | D:6      | Found a large runed translucent door.
  7810 | D:6      | Noticed a two-headed ogre
  7943 | D:6      | Found a large runed translucent door.
  7943 | D:6      | Found a large runed translucent door.
  8117 | D:6      | Noticed a cyclops
  8128 | D:6      | Killed a cyclops
  8598 | D:6      | Found a glowing silver altar of Zin.
  8626 | D:6      | Found a radiant altar of Vehumet.
  8655 | D:6      | Became a worshipper of Vehumet
  9052 | D:6      | Noticed a two-headed ogre
  9055 | D:6      | Reached skill level 10 in Spellcasting
  9060 | D:6      | Demolished by a two-headed ogre

Illustrated notes

Levels and vault maps discovered:
D:1:      dpeg_arrival_ratfight, layout_basic, minmay_stone_trees_small,
          minmay_misc_feat_doors, chequers_serial_rivers_micro_e,
          nicolae_concentric_dashed_squares_mild, chequers_decorated_corner
D:2:      layout_basic, serial_shops, nicolae_shop_statue_plus, shop,
          nicolae_shop_bloodbath_and_beyond, nicolae_shop_stone, shop_fountains,
          dreamdust_ecumenical_altar_drowned_temple
D:3:      cheibrodos_pilgrimage, layout_rooms, eat_drink_and_be_merry_uskayaw,
          old_standard_altar, grunt_decor_arrowhead, serial_park_tiny_2,
          nicolae_elevator_lobby_asterisk
D:4:      layout_gridville, temple_hall, serial_shops, nicolae_diamond_shop
D:5:      kennysheep_six_static_rooms, layout_cave_pools,
          mainiacjoe_overflow_surrounded_room, kennysheep_mini_moat,
          gammafunk_ghost_gnarly_gnolls, nrook_loot_triangle, uniq_eustachio,
          uniq_blork_the_orc, uniq_pikel
D:6:      layout_basic, zin_scriptorium, mainiacjoe_overflow_six_doors_small,
          fedhas_altar_decomposition, minmay_hollow_rounded_squares
Temple:   minmay_freezing_vapour_temple

Skill      XL: |  1  2  3  4  5  6  7  8  9 |
---------------+----------------------------+-----
Spellcasting   | 3 4 5 7 8 9 10 | 10.0
Fighting       | 1 2 3 |  3.8
Dodging        | 2 3 4 |  4.6
Stealth        | 2 |  2.9
Conjurations   | 5 6 7 |  7.6

Action                   |  1- 3 |  4- 6 |  7- 9 || total
-------------------------+-------+-------+-------++-------
Melee: Staff             |     3 |       |     3 ||     6
 Cast: Magic Dart        |    78 |   171 |    67 ||   316
       Searing Ray       |       |     2 |    61 ||    63
  Use: Scroll            |       |       |    12 ||    12
Armor: Skin              |     6 |    15 |    42 ||    63
Dodge: Dodged            |     7 |    32 |    85 ||   124

Table legend: (Time is in decaauts)
 A = Elapsed time spent in this place.
 B = Non-inter-level travel time spent in this place.
 C = Inter-level travel time spent in this place.
 D = Time resting spent in this place.
 E = Time spent auto-exploring this place.
 F = Levels seen in this place.
 G = Mean time per level.
                   A        B        C        D        E       F      G
               +--------+--------+--------+--------+--------+-----+--------+
         Total |   9075 |   8694 |    381 |   2898 |   4735 |   7 | 1296.4 |
       Dungeon |   9058 |   8677 |    381 |   2898 |   4725 |   6 | 1509.7 |
        Temple |     16 |     16 |      0 |      0 |     10 |   1 |   16.0 |
               +--------+--------+--------+--------+--------+-----+--------+

Top non-repeatable levels by time:
     D:4: 1879 daAuts
     D:1: 1705 daAuts
     D:3: 1547 daAuts
     D:6: 1462 daAuts
     D:5: 1342 daAuts
     D:2: 1121 daAuts
  Temple: 16 daAuts
